 Dungeon Crawl Stone Soup version 0.32-a0-705-g60f233581c (webtiles) character file.

Game seed: 15261773760216336078

30 BeKind the Chiller (level 3, -1/21 HPs)
             Began as an Octopode Ice Elementalist on Mar 14, 2024.
             Slain by an adder (3 damage)
             ... on level 2 of the Dungeon.
             The game lasted 00:01:22 (996 turns).

BeKind the Chiller (Octopode Ice Elementalist)       Turns: 996, Time: 00:01:23

Health: -1/21      AC:  1    Str:  7    XL:     3   Next: 18%
Magic:  6/6        EV: 12    Int: 19    God:
Gold:   128        SH:  0    Dex: 12    Spells: 5/6 levels left

rFire   . . .        f - +0 sling
rCold   . . .        (no shield)
rNeg    . . .        (helmet restricted)
rPois   .            (no amulet)
rElec   .            (no ring)
rCorr   .            (no ring)
SInv    .            (no ring)
Will    .....        (no ring)
Stlth   +++          (no ring)
HPRegen 0.23/turn    (no ring)
MPRegen 0.10/turn    (no ring)
                     (no ring)

%: no passive effects
@: lethally poisoned (-1 -> -8)
A: almost no armour, amphibious, 8 rings, camouflage 1, gelatinous body 1,
(nimble swimmer 1), tentacles
a: no special abilities


You were on level 2 of the Dungeon.
You visited 1 branch of the dungeon, and saw 2 of its levels.

You collected 128 gold pieces.

Inventory:

Hand Weapons
 e - a +0 short sword
 f - a +0 sling (weapon)
Jewellery
 i - a +4 ring of protection
Scrolls
 b - 2 scrolls of vulnerability {unknown}
 c - 4 scrolls of enchant armour {unknown}
 d - a scroll of teleportation {unknown}
 j - a scroll of identify {unknown}
 k - a scroll of revelation {unknown}
Potions
 a - a potion of magic
 g - 2 potions of curing {unknown}
 h - a potion of mutation {unknown}


   Skills:
 * Level 1.2 Ranged Weapons
 - Level 2.2 Dodging
 - Level 3.0 Stealth
 + Level 2.4 Spellcasting
 + Level 4.2 Ice Magic


You had 5 spell levels left.
You knew the following spells:

 Your Spells              Type           Power      Damage    Failure   Level
a - Freeze                Ice            72%        1d8       2%          1

Your spell library contained the following spells:

 Spells                   Type           Power      Damage    Failure   Level
 Frozen Ramparts          Ice            36%        1d6       9%          3
 Ozocubu's Armour         Ice            18%        N/A       9%          3
 Summon Ice Beast         Ice/Summ       10%        N/A       21%         3


Dungeon Overview and Level Annotations

Branches:
Dungeon (2/15)

Altars:


Innate Abilities, Weirdness & Mutations

You cannot wear most types of armour.
You are amphibious.
You can wear up to eight rings at the same time.
Your skin changes colour to match your surroundings (Stealth+).
Your rubbery body absorbs attacks. (AC +1, EV +1)
((You are camouflaged when in or above water. (Stealth+)))
You have tentacles for arms and can constrict up to eight enemies at once.


Message History

HP restored.
A hobgoblin and 2 adders come into view.
Found 10 gold pieces.
The adder hisses angrily.
You shoot a sling bullet. The hobgoblin shouts!
The sling bullet hits the adder.
The adder is moderately wounded.
There are monsters nearby!
You shoot a sling bullet.
The sling bullet barely misses the adder.
You shoot a sling bullet. The sling bullet misses the adder.
A jackal comes into view. x2
The adder barely misses you. The adder bites you.
You are poisoned.
The adder poisons you!
You shoot a sling bullet. The sling bullet misses the adder.
The jackal barks!
You feel sick.
You hear a bark!
The adder barely misses you. The adder misses you.
A jackal comes into view.
The adder bites you.
A dart slug comes into view.
The adder misses you.
Okay, then.
You feel sick.
You feel sick. The adder attacks as it pursues you! The adder bites you.
You are more poisoned.
The adder poisons you!
You feel sick. The adder attacks as it pursues you! The adder bites you.
You are lethally poisoned!
The adder poisons you! The adder bites you.
* * * LOW HITPOINT WARNING * * *
* * * LOW HITPOINT WARNING * * *
You feel sick.
* * * LOW HITPOINT WARNING * * *
You feel very sick. The adder attacks as it pursues you! The adder bites you.
You die...

#.....#########
#.............#
#.............# ..
#.............#
....###..†..........#
............†.).....#######
....>....h..........'.....#
..........#S........#####.#
..........#@##.##########.##
.....?h#....................
.......#..#.##....########..
.......#..#######.# ###
......$#... # #.... #.##
###### # #..... #.....
#.....


You could see an adder.

Vanquished Creatures
  A ribbon worm (D:2)
  3 endoplasms
  A giant cockroach (D:1)
  3 hobgoblins (D:1)
  A quokka (D:2)
  7 ball pythons
  7 bats
  A goblin (D:2)
  2 rats (D:1)
26 creatures vanquished.

Notes
Turn   | Place    | Note
-------+----------+-------------------------------------------
     0 | D:1      | BeKind the Octopode Ice Elementalist began the quest for
                  | the Orb.
     0 | D:1      | Reached XP level 1. HP: 11/11 MP: 3/3
   288 | D:1      | Reached XP level 2. HP: 17/17 MP: 3/5
   829 | D:2      | Reached skill level 1 in Ranged Weapons
   830 | D:2      | Reached XP level 3. HP: 21/21 MP: 6/6
   996 | D:2      | Slain by an adder

Illustrated notes

Levels and vault maps discovered:
D:1:      minmay_arrival_up_and_down, layout_basic, roderic_lattice_a
D:2:      layout_basic

Skill      XL: |  1  2 |
---------------+-------+-----
Stealth        | 3 |  3.0
Ranged Weapons | 1 |  1.2
Dodging        | |  2.2
Spellcasting   | |  2.4
Ice Magic      | |  4.2

Action                     || total
---------------------------++-------
  Melee: Unarmed           ||     3
         Constrict         ||     2
         Tentacles         ||     1
   Fire: Sling             ||    58
   Cast: Freeze            ||    14
 Armour: Skin              ||    19
  Dodge: Dodged            ||    32

Table legend: (Time is in decaauts)
 A = Elapsed time spent in this place.
 B = Non-inter-level travel time spent in this place.
 C = Inter-level travel time spent in this place.
 D = Time resting spent in this place.
 E = Time spent auto-exploring this place.
 F = Levels seen in this place.
 G = Mean time per level.
                   A        B        C        D        E       F      G
               +--------+--------+--------+--------+--------+-----+--------+
         Total |   1016 |    993 |     23 |      0 |    800 |   2 |  508.0 |
       Dungeon |   1016 |    993 |     23 |      0 |    800 |   2 |  508.0 |
               +--------+--------+--------+--------+--------+-----+--------+

Top non-repeatable levels by time:
     D:1: 776 daAuts
     D:2: 239 daAuts
